 Dungeon Sprint DCSS version 0.26.1-2-gb8aa6d0cf2 (webtiles) character file.

Game seed: 9999360806407767577

12670 Groucho the Tortoise (level 12, -7/92 HPs)
             Began as a Halfling Wanderer on Feb 13, 2021.
             Was a High Priest of Qazlal.
             Mangled by a white draconian
             ... wielding a +0 dire flail
              (8 damage)
             ... in the Dungeon (Sprint V: "Ziggurat Sprint").
             The game lasted 00:09:12 (2010 turns).

Groucho the Tortoise (Halfling Wanderer)            Turns: 2010, Time: 00:09:13

Health: -7/92      AC: 31    Str: 14    XL:     12   Next: 23%
Magic:  3/23       EV: -1    Int: 10    God:    Qazlal [*****.]
Gold:   0          SH: 40    Dex: 18    Spells: 14/14 levels left

rFire    . . .     SeeInvis .   E - +6 shillelagh "Devastator" {shatter}
rCold    + . .     Faith    .   G - +18 shield of the Gong {rElec rN+ Will+ EV-5}
rNeg     + . .     Spirit   .   F - +15 Maxwell's patent armour {-Cast -Tele rElec Will+ rCorr}
rPois    .         Reflect  .   (no helmet)
rElec    +         Harm     .   (no cloak)
rCorr    +         Rampage  .   (no gloves)
Will     ++...     NoTele   +   (no boots) Stlth ..........NoCast +
                                (no amulet)
HPRegen  0.25/turn              (no ring)
MPRegen  0.18/turn              (no ring)

@: protected from cold, constricted, studying Translocations, repel missiles
A: small, mutation resistance 1
a: Renounce Religion, Upheaval, Elemental Force, Disaster Area


You were in the Dungeon.
You worshipped Qazlal.
Qazlal was extremely pleased with you.
You visited 1 branch

Inventory:

Hand Weapons
 C - a +5 fustibalus
 E - the +6 shillelagh "Devastator" (weapon) {shatter}
   (You found it in the Dungeon)
 J - the +2 Maxwell's thermic engine {flame, freeze}
   (You found it in the Dungeon)

   It has been specially enchanted to burn those struck by it, causing extra
   injury to most foes and up to half again as much damage against particularly
   susceptible opponents.
   Big, fiery blades are also staple armaments of hydra-hunters.
   It has been specially enchanted to freeze those struck by it, causing extra
   injury to most foes and up to half again as much damage against particularly
   susceptible opponents.
 L - the +8 hunting sling "Ucuegg" {speed, Str+4 Int+2 Stlth+}
   (You found it in the Dungeon)

   Attacks with this weapon are significantly faster.
   It affects your strength (+4).
   It affects your intelligence (+2).
   It makes you more stealthy.
Missiles
 D - 1000 sling bullets
Armour
 a - +5 gold dragon scales
 F - the +15 Maxwell's patent armour (worn) {-Cast -Tele rElec Will+ rCorr}
   (You found it in the Dungeon)

   It insulates you from electricity.
   It affects your willpower, your defense against some magical effects.
   It prevents spellcasting.
   It prevents most forms of teleportation.
   It provides partial protection from all sources of acid and corrosion.
 G - the +18 shield of the Gong (worn) {rElec rN+ Will+ EV-5}
   (You found it in the Dungeon)

   It affects your evasion (-5).
   It insulates you from electricity.
   It protects you from negative energy.
   It affects your willpower, your defense against some magical effects.
Jewellery
 s - an uncursed ring of flight
 t - a +6 ring of dexterity
 u - a +6 ring of dexterity
 v - a +6 ring of intelligence
 w - a +6 ring of intelligence
 x - a +6 ring of strength
 y - a +6 ring of strength
 K - an uncursed ring of willpower
 M - the ring "Zitralau" {Ice Int+4}
   (You found it in the Dungeon)

   [ring of ice]

   It enhances your ice magic.
   It affects your intelligence (+4).
   It makes you vulnerable to fire.
   It protects you from cold.
 N - the ring of Shadows {Umbra +Inv Stlth+}
   (You found it in the Dungeon)

   [ring of stealth]

   It lets you turn invisible.
   It makes you more stealthy.
 P - an uncursed ring of protection from fire
 Q - an uncursed ring of willpower
Wands
 z - a wand of disintegration (7)
 A - a wand of iceblast (7)
 B - a wand of acid (7)
Scrolls
 j - 4 scrolls of blinking
 m - 4 scrolls of amnesia
 n - 7 scrolls of fog
 o - a scroll of holy word
 p - 5 scrolls of identify
 q - 5 scrolls of remove curse
 r - 2 scrolls of fear
 O - 4 scrolls of enchant weapon
Potions
 b - 2 potions of brilliance
 c - 2 potions of invisibility
 d - 4 potions of resistance
 e - 10 potions of curing
 f - 6 potions of heal wounds
 g - 6 potions of haste
 h - 7 potions of magic
 i - 2 potions of berserk rage
 k - a potion of experience
 l - 6 potions of might
Books
 H - a manual of Translocations
Miscellaneous
 I - a phantom mirror


   Skills:
 + Level 12.9 Fighting
 + Level 12.5 Slings
 - Level 2.1 Bows
 - Level 1.0(5.7) Throwing
 + Level 15.1 Armour
 - Level 1.1 Stealth
 + Level 14.9 Shields
 - Level 1.5 Spellcasting
 - Level 1.0 Fire Magic
 + Level 14.9 Invocations


You had 14 spell levels left.
You didn't know any spells.
Your spell library contained the following spells:

 Spells                   Type           Power        Failure   Level
 Animate Skeleton         Necr           0%           100%        1
 Apportation              Tloc           0%           100%        1
 Corona                   Hex            0%           100%        1
 Magic Dart               Conj           0%           100%        1
 Sting                    Tmut/Pois      0%           100%        1
 Summon Small Mammal      Summ           0%           100%        1
 Blink                    Tloc           N/A          100%        2
 Call Imp                 Summ           0%           100%        2
 Searing Ray              Conj           0%           100%        2
 Slow                     Hex            0%           100%        2
 Conjure Flame            Conj/Fire      1%           100%        3
 Dazzling Flash           Conj/Hex       0%           100%        3
 Ignite Poison            Fire/Tmut/Pois 1%           100%        3
 Mephitic Cloud           Conj/Pois/Air  0%           100%        3
 Static Discharge         Conj/Air       0%           100%        3
 Fulminant Prism          Conj/Hex       0%           100%        4
 Iskenderun's Mystic Bla  Conj/Tloc      0%           100%        4
 Fireball                 Conj/Fire      0%           100%        5
 Irradiate                Conj/Tmut      0%           100%        5
 Lightning Bolt           Conj/Air       0%           100%        5
 Summon Demon             Summ           0%           100%        5
 Summon Forest            Summ/Tloc      0%           100%        5
 Summon Mana Viper        Hex/Summ       0%           100%        5
 Hydra Form               Tmut           0%           100%        6
 Shadow Creatures         Summ           N/A          100%        6
 Starburst                Conj/Fire      0%           100%        6
 Statue Form              Tmut/Erth      0%           100%        6
 Dragon Form              Tmut           0%           100%        7
 Summon Hydra             Summ           0%           100%        7
 Ignition                 Fire           1%           100%        8
 Shatter                  Erth           0%           100%        9
 Tornado                  Air            0%           100%        9


Dungeon Overview and Level Annotations

Branches:
Dungeon (1/1)

Altars:
Ashenzari
Cheibriados
Dithmenos
Elyvilon
Fedhas
Gozag
Hepliaklqana
Kikubaaqudgha
Makhleb
Nemelex Xobeh
Okawaru
Qazlal
Ru
Sif Muna
Trog
Uskayaw
Vehumet
Wu Jian
Xom
Yredelemnul
Zin
The Shining One
Beogh
Jiyva
Lugonu

Annotations:
D 1 transporter


Innate Abilities, Weirdness & Mutations

You are small and have problems with some larger weapons.
You are somewhat resistant to further mutation.


Message History

Your resistance to physical damage fades away.
You feel protected from cold.
* * * LOW HITPOINT WARNING * * *
You hear a sizzling sound!
The tentacled monstrosity is struck by lightning.
You block the tentacled monstrosity's attack.
BONNNG!
You block the tentacled monstrosity's attack.
GONNNNG!
You block the tentacled monstrosity's attack.
GONNNNG!
The tentacled monstrosity grabs you.
The tentacled monstrosity constricts you.
The green draconian hits you from afar with a +4 glaive of flaming.
* * * LOW HITPOINT WARNING * * *
The green draconian burns you.
* * * LOW HITPOINT WARNING * * *
The black draconian hits you but does no damage.
The white draconian hits you with a +0 dire flail!
You die...

▓...8©8...▓...8©8...▓
▓..||)})..▓..)...[..▓
▓..))}|)..▓...|..|..▓
▓.........▓.........▓
▓...))....▓.........▓
▓....)°d..▓.........▓
▓.....§d..▓.........▓
▓.....Xd..▓.▓.....▓.▓
▓.▓≈.°d@▓.▓....©....▓
▓...§©X...▓▓▓▓▓▓▓▓▓▓▓
▓▓▓▓▓▓▓▓▓▓▓


You could see 2 tentacled monstrosities, a black draconian, a yellow draconian
(poisoned), a green draconian and a white draconian (catching breath).

Vanquished Creatures
  A green draconian (D)
  2 red draconians (D)
  A black draconian (D)
  A dancing weapon (D)
  3 deep elf knights (D)
  A deep elf archer (D)
  A deep elf mage (D)
  A wolf spider (D)
  3 toenail golems (D)
  A gargoyle (D)
  A rime drake (D)
  2 ice devils (D)
  5 jumping spiders (D)
  5 tarantellas (D)
  A water elemental (D)
  5 air elementals (D)
  2 ice beasts (D)
  5 necrophages (D)
  A phantom (D)
  2 earth elementals (D)
  6 scorpions (D)
  2 wights (D)
  An adder zombie (D)
  An adder simulacrum (D)
  A bat zombie (D)
  A ball python zombie (D)
  A giant cockroach zombie (D)
  A leopard gecko skeleton (D)
58 creatures vanquished.

Notes
Turn   | Place    | Note
-------+----------+-------------------------------------------
     0 | D        | Groucho the Halfling Wanderer began the quest for the Orb.
     0 | D        | Groucho set off with the following items: a +0 club, a +0
                  | ring mail, a potion of curing, a potion of heal wounds, a
                  | potion of haste, 2 potions of magic, a potion of berserk
                  | rage, a scroll of blinking; and the following spells
                  | available to memorise: Magic Dart, Sting, Blink, Call Imp,
                  | Slow, Conjure Flame, Ignite Poison, Mephitic Cloud
     0 | D        | Reached XP level 1. HP: 13/13 MP: 3/3
    14 | D        | Found a shimmering blue altar of Sif Muna.
    14 | D        | Found a bloodstained altar of Trog.
    14 | D        | Found a sacrificial altar of Ru.
    14 | D        | Found a stormy altar of Qazlal.
    14 | D        | Found an iron altar of Okawaru.
    15 | D        | Found a sparkling altar of Nemelex Xobeh.
    15 | D        | Found a blossoming altar of Fedhas.
    16 | D        | Found the +6 Majin-Bo {vamp, MP+6 Int+6}
    16 | D        | Found the +9 heavy crossbow "Sniper" {vorpal, Acc+∞ SInv}
    16 | D        | Found the +10 dark maul {vorpal}
    16 | D        | Found the +15 Maxwell's patent armour {-Cast -Tele rElec
                  | Will+ rCorr}
    16 | D        | Found the +18 shield of the Gong {rElec rN+ Will+ EV-5}
    16 | D        | Found the cursed +14 obsidian axe {vorpal, +Fly SInv
                  | *Curse}
    16 | D        | Found the +7 great mace "Firestarter" {inner flame, rF++}
    16 | D        | Found the +6 shillelagh "Devastator" {shatter}
    16 | D        | Found the +11 plutonium sword {*Contam Stlth-}
    16 | D        | Found the +8 lance "Wyrmbane" {slay drac, rPois rF+ rC+
                  | AC+3}
    16 | D        | Found the +9 sword of Zonguldrok {reap}
    16 | D        | Found the cursed +13 scythe of Curses {drain, *Curse}
    16 | D        | Found the +5 sword of Power {vorpal}
    16 | D        | Found the +7 mace of Variability {chain chaos}
    16 | D        | Found the +7 Singing Sword {vorpal, sonic wave}
    16 | D        | Found the +8 storm bow {elec, penet}
    17 | D        | Found a transporter.
    17 | D        | Found an ancient bone altar of Kikubaaqudgha.
    17 | D        | Found a viscous altar of Jiyva.
    17 | D        | Found a corrupted altar of Lugonu.
    17 | D        | Found a hazy altar of Hepliaklqana.
    17 | D        | Found a burning altar of Makhleb.
    17 | D        | Found an opulent altar of Gozag.
    75 | D        | Became a worshipper of Qazlal Stormbringer
    91 | D        | Entered arena 2.
    91 | D        | Noticed a phantom
    91 | D        | Found a transporter.
   102 | D        | Killed a phantom
   103 | D        | Reached skill level 5 in Armour
   103 | D        | Reached XP level 2. HP: 22/22 MP: 5/5
   103 | D        | Reached XP level 3. HP: 27/27 MP: 6/6
   103 | D        | Reached XP level 4. HP: 33/33 MP: 7/7
   342 | D        | Entered arena 3.
   342 | D        | Noticed a tarantella
   342 | D        | Noticed a tarantella
   342 | D        | Noticed a jumping spider
   342 | D        | Found a transporter.
   349 | D        | Killed a tarantella
   349 | D        | Reached * piety under Qazlal
   349 | D        | Killed a tarantella
   350 | D        | Reached skill level 8 in Armour
   350 | D        | Reached XP level 5. HP: 22/42 MP: 7/10
   350 | D        | Reached XP level 6. HP: 25/47 MP: 7/11
   350 | D        | Reached XP level 7. HP: 28/53 MP: 7/12
   352 | D        | Killed a jumping spider
   590 | D        | Entered arena 4.
   590 | D        | Noticed an air elemental
   590 | D        | Noticed an air elemental
   590 | D        | Noticed an air elemental
   590 | D        | Noticed an air elemental
   590 | D        | Found a transporter.
   591 | D        | Found the +2 Maxwell's thermic engine {flame, freeze}
   598 | D        | Killed an air elemental
   598 | D        | Reached ** piety under Qazlal
   599 | D        | Reached skill level 9 in Armour
   599 | D        | Reached XP level 8. HP: 43/60 MP: 14/14
   600 | D        | Killed an air elemental
   604 | D        | Killed an air elemental
   604 | D        | HP: 2/61 [air elemental (10)]
   605 | D        | Reached skill level 10 in Armour
   607 | D        | Killed an air elemental
   747 | D        | Entered arena 5.
   747 | D        | Found a transporter.
   748 | D        | Identified the +6 war axe of Goguss Wudd {vorpal, Int+3}
   751 | D        | Reached *** piety under Qazlal
   752 | D        | Reached skill level 10 in Shields
   752 | D        | Reached skill level 10 in Invocations
   754 | D        | Reached XP level 9. HP: 61/67 MP: 11/16
   885 | D        | Entered arena 6.
   885 | D        | Noticed a jumping spider
   885 | D        | Noticed a jumping spider
   885 | D        | Found a transporter.
   889 | D        | Reached **** piety under Qazlal
   894 | D        | Killed a jumping spider
   895 | D        | Reached skill level 11 in Armour
   899 | D        | Killed a jumping spider
   899 | D        | Reached ***** piety under Qazlal
  1020 | D        | Entered arena 7.
  1020 | D        | Noticed an ice devil
  1020 | D        | Noticed a rime drake
  1020 | D        | Noticed an ice devil
  1021 | D        | Found a transporter.
  1032 | D        | Killed a rime drake
  1033 | D        | Reached skill level 10 in Fighting
  1037 | D        | Killed an ice devil
  1037 | D        | Killed an ice devil
  1038 | D        | Reached skill level 12 in Armour
  1038 | D        | Reached XP level 10. HP: 69/77 MP: 17/19
  1052 | D        | Entered arena 8.
  1052 | D        | Noticed a toenail golem
  1052 | D        | Noticed a gargoyle
  1052 | D        | Noticed a toenail golem
  1052 | D        | Noticed a toenail golem
  1053 | D        | Found a transporter.
  1054 | D        | Killed a toenail golem
  1054 | D        | Killed a toenail golem
  1054 | D        | Reached ****** piety under Qazlal
  1055 | D        | Killed a gargoyle
  1055 | D        | Killed a toenail golem
  1056 | D        | Reached skill level 5 in Slings
  1063 | D        | Got the +8 hunting sling "Ucuegg" {speed, Str+4 Int+2
                  | Stlth+}
  1409 | D        | Entered arena 9.
  1413 | D        | Reached skill level 13 in Armour
  1414 | D        | Found a transporter.
  1456 | D        | Entered arena 10.
  1456 | D        | Noticed a deep elf mage
  1456 | D        | Noticed a deep elf knight
  1456 | D        | Noticed a deep elf knight
  1456 | D        | Noticed a deep elf archer
  1456 | D        | Noticed a +2 mace of holy wrath
  1456 | D        | Noticed a deep elf knight
  1457 | D        | Found the ring of Shadows {Umbra +Inv Stlth+}
  1458 | D        | Killed a deep elf mage
  1458 | D        | Killed a deep elf knight
  1458 | D        | Killed a +2 mace of holy wrath
  1459 | D        | Reached XP level 11. HP: 83/83 MP: 12/21
  1460 | D        | Killed a deep elf knight
  1461 | D        | Killed a deep elf archer
  1464 | D        | Killed a deep elf knight
  1465 | D        | Reached skill level 14 in Armour
  1468 | D        | Found a transporter.
  1480 | D        | Got the ring of Beloqol {Fire *Contam +Blink rElec SInv}
  1484 | D        | Got the ring "Zitralau" {Ice Int+4}
  1778 | D        | Entered arena 11.
  1778 | D        | Noticed a wolf spider
  1779 | D        | Killed a wolf spider
  1780 | D        | Reached skill level 10 in Slings
  1784 | D        | Found a transporter.
  2000 | D        | Entered arena 12.
  2000 | D        | Noticed a red draconian
  2000 | D        | Noticed a black draconian
  2000 | D        | Noticed a green draconian
  2000 | D        | Noticed a tentacled monstrosity
  2000 | D        | Noticed a tentacled monstrosity
  2000 | D        | Noticed a red draconian
  2000 | D        | Noticed a white draconian
  2001 | D        | Noticed a black draconian
  2001 | D        | Noticed a yellow draconian
  2001 | D        | Noticed a green draconian
  2002 | D        | Found a transporter.
  2003 | D        | Killed a black draconian
  2004 | D        | Killed a red draconian
  2005 | D        | Reached XP level 12. HP: 90/92 MP: 10/22
  2005 | D        | Killed a red draconian
  2006 | D        | Killed a green draconian
  2007 | D        | Reached skill level 15 in Armour
  2010 | D        | HP: 3/92 [green draconian/+4 glaive of flaming (5)]
  2010 | D        | HP: 1/92 [green draconian/+4 glaive of flaming (2)]
  2010 | D        | Mangled by a white draconian

Illustrated notes

Levels and vault maps discovered:
D:        sprint_v [room_start, room_1, room_2, room_3, room_4, room_5, room_6,
          room_7, room_8, room_9, room_10, room_11, room_12, room_13, room_14,
          room_15, room_16, room_17, room_18, room_19, room_20, room_21,
          room_22, room_23, room_24, room_25, room_26, room_27]

Skill      XL: |  1  2  3  4  5  6  7  8  9 10 11 12 |
---------------+-------------------------------------+-----
Fighting       | 3 6 7 8 10 11 12 | 12.9
Armour         | 5 8 9 10 12 13 14 15 | 15.1
Shields        | 4 7 9 10 12 13 14 | 14.9
Invocations    | 4 7 9 10 12 13 14 | 14.9
Slings         | 8 11 12 | 12.5
Bows           | |  2.1
Throwing       | |  1.0
Stealth        | |  1.1
Spellcasting   | |  1.5
Fire Magic     | |  1.0

Action                   |  1- 3 |  4- 6 |  7- 9 | 10-12 || total
-------------------------+-------+-------+-------+-------++-------
Melee: Shillelagh        |     9 |     5 |    38 |     7 ||    59
Invok: Upheaval          |       |       |     1 |     9 ||    10
       Disaster Area     |       |       |       |     5 ||     5
  Use: Potion            |     2 |       |     3 |       ||     5
Armor: Plate armour      |     9 |     7 |    60 |    15 ||    91
Dodge: Dodged            |     2 |     1 |       |     1 ||     4
Block: Kite shield       |    21 |    17 |   109 |    36 ||   183
